[Event "*** Qualifier 4: Titled Tuesday 3|2 Blitz"]
[Site "Chess.com"]
[Date "2017.04.25"]
[Round "5"]
[White "GMHess"]
[Black "NMJeevanK"]
[Result "1-0"]
[WhiteElo "2563"]
[BlackElo "2396"]
[TimeControl "180+2"]
[EndTime "14:03:34 PDT"]
[Termination "GMHess won by checkmate"]

1. b3 d5 2. Bb2 c5 3. Nf3 Nc6 4. e3 Nf6 5. Bb5 e6 6. Ne5 Bd7 7. Nxd7 Qxd7 8. O-O Bd6 9. Bxf6 gxf6 10. c4 a6 11. Bxc6 Qxc6 12. Nc3 O-O-O 13. cxd5 exd5 14.
Rc1 Rhg8 15. Qf3 Kb8 16. g3 h5 17. d4 h4 18. dxc5 Be5 19. Ne2 Qc7 20. Kg2 Qa5 21.
c6 Qxa2 22. cxb7 hxg3 23. hxg3 Kxb7 24. Rh1 Rg7 25. Nf4 Qa5 26. b4 Qa2 27. Rcd1 Bxf4 28.
Qxf4 Rg6 29. Rh7 Rd7 30. Rh8 Rc7 31. Rc1 Rxc1 32. Qb8+ Kc6 33. Rc8+ Kd7 34. Rxc1 Qa4 35. Rc7+ Ke6 36. Qc8+ Ke5 37. Re7+ Kd6 38. Qc7# 1-0

[Event "*** Qualifier 4: Titled Tuesday 3|2 Blitz"]
[Site "Chess.com"]
[Date "2017.04.25"]
[Round "5"]
[White "djano"]
[Black "GMBenjaminBok"]
[Result "0-1"]
[WhiteElo "2422"]
[BlackElo "2626"]
[TimeControl "180+2"]
[EndTime "14:03:36 PDT"]
[Termination "GMBenjaminBok won by checkmate"]

1. d4 g6 2. Bf4 Bg7 3. Nc3 c5 4.
e3 cxd4 5. exd4 Nf6 6. Qd2 O-O 7. Bh6 d5 8. h4 Bf5 9. h5 gxh5 10. Bxg7 Kxg7 11.
O-O-O Bg6 12. Nf3 Nc6 13. Ne5 Rc8 14. f4 Ne4 15. Nxe4 dxe4 16. f5 Nxe5 17. fxg6 Nxg6 18. Rxh5 Rh8 19. Qh6+ Kg8 20. Be2 Qc7 21. Rc5 Qb8 22.
Kb1 b6 23. Rf5 Qg3 24. Rdf1 f6 25. b3 Qc3 26. Rc1 Kf7 27. Bh5 a5 28. g4 a4 29.
bxa4 Qb4+ 30. Ka1 Qxd4+ 31. Kb1 Qb4+ 32. Ka1 Qc3+ 33. Kb1 Qb4+ 34. Ka1 Qxa4 35. Qd2 Rhd8 36. Qh6 Rxc2 37. Rxf6+ exf6 38. Qxh7+ Ke6 39. Rxc2 Rd1+ 40. Kb2 Qb4# 0-1

[Event "*** Qualifier 4: Titled Tuesday 3|2 Blitz"]
[Site "Chess.com"]
[Date "2017.04.25"]
[Round "5"]
[White "bugsbunny444"]
[Black "rasool78"]
[Result "1-0"]
[WhiteElo "2359"]
[BlackElo "2231"]
[TimeControl "180+2"]
[EndTime "14:03:38 PDT"]
[Termination "bugsbunny444 won by resignation"]

1. Nf3 g6 2. e4 Bg7 3. d4 c5 4. dxc5 Qa5+ 5. c3 Qxc5 6. Na3 b6 7. Nb5 Qc6 8. Qd5 Na6 9. Bc4 Qxd5 10. Bxd5 Rb8 11.
Bf4 d6 12. Nxa7 Bd7 13. O-O e5 14. Be3 Ne7 15. a4 Nxd5 16. exd5 Nc7 17. Nc6 Rb7 18.
c4 O-O 19. Ra3 Ra8 20. Rfa1 Bxc6 21. dxc6 Rbb8 22. Rb3 Ra6 23. a5 b5 24. cxb5 Rxb5 25. Rxb5 Nxb5 26. Bb6 Bf6 27. Rc1 e4 28. c7 Nxc7 29.
Rxc7 exf3 30. b4 Ra8 31. gxf3 d5 32. Rd7 Rc8 33. Rxd5 Rc1+ 34. Kg2 Rb1 35. Bc5 Bc3 36. Rd8+ Kg7 37. Rb8 Rb2 38. a6 Ra2 39. a7 Bxb4 40. Rxb4 1-0

[Event "*** Qualifier 4: Titled Tuesday 3|2 Blitz"]
[Site "Chess.com"]
[Date "2017.04.25"]
[Round "5"]
[White "biostatistician"]
[Black "Rodalquilar"]
[Result "1-0"]
[WhiteElo "2447"]
[BlackElo "2534"]
[TimeControl "180+2"]
[EndTime "14:03:41 PDT"]
[Termination "biostatistician won on time"]

1. d4 Nf6 2. Nf3 d5 3. c4 e6 4. Bg5 Bb4+ 5. Nc3 h6 6. Bxf6 Qxf6 7. e3 O-O 8. Bd3 dxc4 9. Bxc4 c5 10. O-O cxd4 11. exd4 Rd8 12. Qe2 Nc6 13. Rad1 Bf8 14. Ne4 Qf5 15. a3 Qa5 16. Ng3 Qb6 17. d5 exd5 18. Bxd5 Bg4 19. Qc4 Rxd5 20. Qxd5 Qxb2 21. Rb1 Qf6 22. Rxb7 Rd8 23. Qe4 Bxf3 24. Qxf3 Qxf3 25. gxf3 Bxa3 26. Ra1 Bf8 27. Kg2 a5 28. Rc7 Rd6 29. Rc1 Nd4 30. Ra7 Rf6 31. Rc3 Bb4 32. Rd3 Ne6 33.
Rdd7 Nf4+ 34. Kf1 Rc6 35. Rac7 Rxc7 36. Rxc7 a4 37. Rc4 Nd5 38. Rd4 Nc3 39. Rxb4 a3 40. Rb8+ Kh7 41. Ra8 a2 42. Ne4 Na4 43. Rxa4 a1=Q+ 44. Rxa1 1-0

[Event "*** Qualifier 4: Titled Tuesday 3|2 Blitz"]
[Site "Chess.com"]
[Date "2017.04.25"]
[Round "5"]
[White "woodhy"]
[Black "gumersindo"]
[Result "1/2-1/2"]
[WhiteElo "2394"]
[BlackElo "2277"]
[TimeControl "180+2"]
[EndTime "14:03:44 PDT"]
[Termination "Game drawn by repetition"]

1. e4 e5 2. Nf3 Nc6 3. Bb5 a6 4.
Bxc6 dxc6 5. O-O f6 6. Qe2 c5 7. Rd1 Bd6 8. c3 Bg4 9. h3 Bh5 10. d4 cxd4 11. cxd4 exd4 12. g4 Bf7 13. Nxd4 Ne7 14. Nc3 O-O 15. Be3 Qb8 16. Qf3 c5 17.
Nde2 b5 18. Bf4 Bxf4 19. Nxf4 Nc6 20. Qe3 Nd4 21. Rac1 Re8 22. Nce2 Nxe2+ 23. Nxe2 Qe5 24. Rxc5 Qxb2 25. Rd2 Qb1+ 26. Kh2 Qxe4 27. Qxe4 Rxe4 28.
Rc7 Rae8 29. Rdd7 Rxe2 30. Rxf7 Rxf2+ 31. Kg3 Rxa2 32. Rxg7+ Kh8 33. Rxh7+ Kg8 34. Rcg7+ Kf8 35. Rf7+ Kg8 36. Rfg7+ Kf8 37. Ra7 Kg8 38. Kh4 Ra3 39. Rag7+ Kf8 40. Rf7+ Kg8 41. Rfg7+ Kf8 42. Rb7 Kg8 43.
Rhg7+ Kh8 44. Rh7+ Kg8 45. Rbg7+ Kf8 1/2-1/2

[Event "*** Qualifier 4: Titled Tuesday 3|2 Blitz"]
[Site "Chess.com"]
[Date "2017.04.25"]
[Round "5"]
[White "chesstatour"]
[Black "saraswathii"]
[Result "0-1"]
[WhiteElo "1903"]
[BlackElo "2231"]
[TimeControl "180+2"]
[EndTime "14:03:52 PDT"]
[Termination "saraswathii won by resignation"]

1. e4 c5 2. Nf3 e6 3. d4 cxd4 4.
Nxd4 Nf6 5. Nc3 Nc6 6. Be3 Bb4 7.
f3 d5 8. Bb5 Bd7 9. O-O e5 10.
Nxd5 exd4 11. Bxc6 bxc6 12. Nxb4 dxe3 13. Qe2 Qb6 14.
Nd3 O-O 15. Rae1 c5 16. c4 Be6 17. b3 Rfd8 18. Qxe3 Rd4 19. h3 a5 20. Nf4 a4 21.
Nd5 Bxd5 22. cxd5 axb3 23. Qxb3 Qa7 24. Kh2 Qxa2 25. Qxa2 Rxa2 26. Rg1 Nd7 27. Kg3 h5 28. Rc1 Ra3 29. Rc2 Rxe4 30. Rb1 Rd4 31. Rb7 Rxd5 32. Re2 Ne5 33. Re7 Ng6 34. Re8+ Kh7 35. Rc8 h4+ 36. Kh2 Rg5 37. Rd2 Nf4 38. Rc7 f6 39. Rc2 Nd3 40. Rd2 Rc3 41. Rd7 c4 42. Rd4 Rh5 43.
Re2 Ne5 44. Ree4 Rd3 45. Rg4 Nxg4+ 0-1

[Event "*** Qualifier 4: Titled Tuesday 3|2 Blitz"]
[Site "Chess.com"]
[Date "2017.04.25"]
[Round "5"]
[White "ChessQueen"]
[Black "matiss90"]
[Result "1-0"]
[WhiteElo "2496"]
[BlackElo "2296"]
[TimeControl "180+2"]
[EndTime "14:03:59 PDT"]
[Termination "ChessQueen won by resignation"]

1. e4 c5 2. Nf3 d6 3. d4 cxd4 4.
Nxd4 Nf6 5. Nc3 g6 6. Be3 Bg7 7. f3 Nc6 8. Qd2 O-O 9. O-O-O d5 10. exd5 Nxd5 11. Nxc6 bxc6 12. Bd4 Nxc3 13. Qxc3 Bxd4 14. Qxd4 Qb6 15. Bc4 Ba6 16. Bb3 c5 17. Qc3 c4 18.
Bxc4 Rac8 19. Rd4 e5 20. Re4 Bxc4 21. Rxc4 Rxc4 22. Qxc4 Qf2 23. Qf1 Qe3+ 24. Kb1 Rd8 25.
Qe1 Qd4 26. a3 Rb8 27. b3 Qc5 28. Kb2 Rd8 29. Rf1 a5 30. Qc3 Qd5 31. Re1 Re8 32. Re2 a4 33. Rd2 Qb7 34. b4 e4 35. fxe4 Qxe4 36. Rf2 h5 37. g3 Qe6 38. Rf4 Rc8 39. Qf6 Qd7 40. Rd4 Qc7 41. Rd2 Qc4 42. Qd4 Qc7 43. c4 Qxc4 44. Qxc4 Rxc4 45. Rc2 Re4 46.
Ka2 h4 47. b5 hxg3 48. hxg3 Re6 49. Rb2 Rb6 50. Rb4 f5 51. Kb2 Kf7 52. Kc3 Ke6 53.
Kc4 Kd6 54. Rxa4 Ke5 55. Kc5 Rb8 56. b6 Rc8+ 57. Kb5 1-0

[Event "*** Qualifier 4: Titled Tuesday 3|2 Blitz"]
[Site "Chess.com"]
[Date "2017.04.25"]
[Round "5"]
[White "abubakrtagelsir"]
[Black "Rock700chess"]
[Result "1-0"]
[WhiteElo "2142"]
[BlackElo "2271"]
[TimeControl "180+2"]
[EndTime "14:04:18 PDT"]
[Termination "abubakrtagelsir won by resignation"]

1. e4 e6 2. d4 d5 3. Nc3 Nf6 4. e5 Nfd7 5. f4 c5 6. Nf3 Nc6 7. Be3 a6 8. Qd2 b5 9. dxc5 Nxc5 10. a3 Qa5 11. f5 b4 12. Nd1 Ne4 13. Qe2 bxa3+ 14.
c3 exf5 15. Nd4 Nxe5 16. Qc2 Be7 17. b4 Bxb4 18. cxb4 Qxb4+ 19. Nc3 Nxc3 20. Bd2 Qxd4 21. Bxc3 Qf4 22. Qe2 f6 23. g3 Qe4 24. Bg2 Nd3+ 25. Kd2 Qxe2+ 26. Kxe2 Nc5 27. Bxd5 Bb7 28. Bxb7 Nxb7 29.
Rxa3 Kf7 30. Rha1 Rhe8+ 31. Kf2 Nc5 32. Bb4 Ne4+ 33. Kg2 Re6 34. Rc1 Kg6 35. Rc7 a5 36.
Be1 Rb6 37. Rc2 a4 38. Rca2 Rb3 39. Rxb3 axb3 40. Rxa8 b2 41. Rb8 1-0

[Event "*** Qualifier 4: Titled Tuesday 3|2 Blitz"]
[Site "Chess.com"]
[Date "2017.04.25"]
[Round "5"]
[White "Konavets"]
[Black "LyonBeast"]
[Result "1/2-1/2"]
[WhiteElo "2705"]
[BlackElo "2789"]
[TimeControl "180+2"]
[EndTime "14:04:23 PDT"]
[Termination "Game drawn by repetition"]

1. e4 c5 2. Nf3 d6 3. d4 cxd4 4.
Nxd4 Nf6 5. Nc3 a6 6. Be3 e5 7. Nb3 Be7 8. f3 Be6 9. Qd2 Nbd7 10. g4 b5 11. a4 b4 12. Nd5 Bxd5 13. exd5 Nb6 14. a5 Nbxd5 15. g5 Nxe3 16. gxf6 Bxf6 17.
Qxe3 Bh4+ 18. Kd1 O-O 19. Rg1 Re8 20. Ra4 Rb8 21. Bxa6 d5 22. Be2 e4 23. Nd4 Bf6 24.
Bb5 Rxb5 25. Nxb5 d4 26. Qf4 Be5 27. Qg5 Qd7 28. f4 Qxb5 29. fxe5 g6 30. b3 d3 31. e6 f5 32. Qf6 Rc8 33. Qf7+ Kh8 34. e7 Qc5 35.
Qf6+ Kg8 36. Rxg6+ hxg6 37. Qxg6+ Kh8 38. e8=Q+ Rxe8 39. Qxe8+ Kg7 40. Qd7+ Kh6 41. Qe6+ Kg7 42. Qd7+ Kf6 43.
Qd8+ Kf7 44. Qd7+ Kf6 45. Qd8+ Kf7 46. cxd3 Qg1+ 47. Ke2 Qxh2+ 48. Ke3 Qg3+ 49. Ke2 Qg2+ 50. Ke1 Qg1+ 51. Ke2 Qg2+ 52. Ke1 Qg1+ 53. Ke2 Qg2+ 1/2-1/2

[Event "*** Qualifier 4: Titled Tuesday 3|2 Blitz"]
[Site "Chess.com"]
[Date "2017.04.25"]
[Round "5"]
[White "AkshatChandra"]
[Black "1stSecond"]
[Result "0-1"]
[WhiteElo "2670"]
[BlackElo "2514"]
[TimeControl "180+2"]
[EndTime "14:04:28 PDT"]
[Termination "1stSecond won by resignation"]

1. d4 Nf6 2. Nf3 e6 3. Bf4 b6 4. e3 Bb7 5. Bd3 Be7 6. h3 O-O 7. O-O d5 8. c3 Nbd7 9. Nbd2 Ne4 10. Rc1 Bd6 11. Qe2 Qf6 12. Bxd6 cxd6 13. c4 Nxd2 14. Nxd2 dxc4 15. Nxc4 e5 16. dxe5 dxe5 17. Rfd1 Nc5 18.
Bb1 Rfd8 19. b4 Ne4 20. Qb2 h6 21. Nxe5 Nxf2 22. Rf1 Nxh3+ 23. gxh3 Qg5+ 24. Ng4 h5 25. Rf5 Qh4 26. Qf2 Qxh3 27. Nh2 Rac8 28. Re1 Rc4 29. e4 Rc3 30. Rxf7 Rg3+ 31. Kh1 Ba6 32. Rf3 Rxf3 33. Qxf3 Qh4 34. Rg1 Rd2 35. Rxg7+ Kxg7 36. Qc3+ Qf6 37. Qxd2 Bb5 38. Kg2 Qg6+ 39. Kf2 h4 40. Nf3 h3 41. Qd4+ Kh7 42. Qd1 Qg2+ 43. Ke3 h2 44. e5+ Kh6 45.
Qd6+ Kh5 46. Nxh2 Qe2+ 47. Kd4 Qd2+ 48. Ke4 Qxh2 49. Qd5 Bc6 50. Qxc6 Qh1+ 51. Kf5 Qxc6 0-1

[Event "*** Qualifier 4: Titled Tuesday 3|2 Blitz"]
[Site "Chess.com"]
[Date "2017.04.25"]
[Round "5"]
[White "daro94"]
[Black "RichardLeyvaP"]
[Result "1-0"]
[WhiteElo "2729"]
[BlackElo "2414"]
[TimeControl "180+2"]
[EndTime "14:04:31 PDT"]
[Termination "daro94 won on time"]

1. d4 Nf6 2. Bf4 g6 3. e3 Bg7 4.
Nf3 O-O 5. h3 d6 6. Be2 c5 7. c3 cxd4 8. cxd4 Nc6 9. Nc3 Bf5 10.
O-O Ne4 11. Qb3 Nxc3 12. bxc3 Na5 13. Qb4 Rc8 14. Rfc1 h6 15. c4 b6 16. Bg3 Re8 17.
Rd1 Be4 18. Rac1 Nc6 19. Qa4 Na5 20. Nd2 Bc6 21. Qa3 Ba8 22. Nb3 Nxb3 23. axb3 a5 24.
b4 axb4 25. Qxb4 Bc6 26. Rb1 Rb8 27. Bf1 Be4 28. Ra1 Qc7 29. Ra6 Rec8 30. Rda1 e5 31. dxe5 dxe5 32. c5 Bf5 33. cxb6 Qb7 34. Qb3 Be6 35.
Qb5 Rc6 36. Rb1 Bf5 37. Rb2 Rc1 38. Kh2 Bd7 39. Qe2 h5 40. Ra7 Qd5 41. Rd2 Qe6 42.
Rdxd7 Rxb6 43. Rxf7 Qxf7 44. Rxf7 Kxf7 45. Qa2+ Kf8 46.
Qa8+ Ke7 47. Qa7+ 1-0

[Event "*** Qualifier 4: Titled Tuesday 3|2 Blitz"]
[Site "Chess.com"]
[Date "2017.04.25"]
[Round "5"]
[White "Osensei"]
[Black "kharov2001"]
[Result "1-0"]
[WhiteElo "1923"]
[BlackElo "1938"]
[TimeControl "180+2"]
[EndTime "14:04:32 PDT"]
[Termination "Osensei won by checkmate"]

1. e4 c5 2. Nf3 d6 3. d4 cxd4 4.
Nxd4 Nf6 5. f3 a6 6. c4 e6 7. Nc3 Be7 8. Be3 Nc6 9. Qd2 Bd7 10.
Be2 Rc8 11. O-O O-O 12. Rfd1 Qa5 13. Rac1 Rfe8 14. Bf1 h5 15. b3 h4 16. Qb2 h3 17. g3 Nxd4 18. Bxd4 Bc6 19. b4 Qc7 20. b5 Bd7 21. Bxh3 e5 22. b6 Qd8 23. Bxd7 exd4 24.
Bxc8 dxc3 25. Rxc3 Qxc8 26. a4 Qc6 27. a5 Nd7 28.
Rd5 Bf6 29. Qd2 Bxc3 30. Qxc3 Nf6 31. Rd2 Rc8 32. Qd3 Qxc4 33. Qxd6 Qc1+ 34. Kg2 Rc2 35. Rxc2 Qxc2+ 36. Kh3 Qc8+ 37. Kg2 Qd7 38. Qb8+ Kh7 39. Qc7 Qd2+ 40. Kh3 Qd7+ 41. g4 g6 42. e5 Qd3 43.
Qxf7+ Kh6 44. Qf8+ Kh7 45. Qf7+ Kh6 46. Qxf6 Qf1+ 47.
Kg3 Qe1+ 48. Kf4 Qd2+ 49. Ke4 Qc2+ 50. Kd5 Qd3+ 51. Ke6 Qc4+ 52. Ke7 Qc5+ 53. Ke8 Qb5+ 54. Kf8 Qxa5 55. Qh4# 1-0

[Event "*** Qualifier 4: Titled Tuesday 3|2 Blitz"]
[Site "Chess.com"]
[Date "2017.04.25"]
[Round "5"]
[White "plouarzel"]
[Black "Marcus_Harvey"]
[Result "0-1"]
[WhiteElo "2435"]
[BlackElo "2512"]
[TimeControl "180+2"]
[EndTime "14:04:33 PDT"]
[Termination "Marcus_Harvey won by resignation"]

1. e4 e6 2. d4 d5 3. Bd3 c5 4. exd5 exd5 5. Nf3 Nc6 6. O-O c4 7. Re1+ Be7 8. Bf1 b5 9. b3 a6 10. a4 Bb7 11. axb5 axb5 12. Rxa8 Bxa8 13. bxc4 bxc4 14. Ba3 Kf8 15. Bxe7+ Ngxe7 16. Nc3 g6 17. Ne5 Kg7 18. Qf3 Rf8 19. Nxc6 Nxc6 20. Qxd5 Nxd4 21. Qe5+ Kg8 22. Bxc4 Nxc2 23. Rd1 Qc8 24. Nd5 Bxd5 25. Bxd5 Nb4 26. Bf3 Re8 27. Qf6 Nd3 28. Bd5 Qd7 29. Qf3 Ne5 30. Qb3 Kg7 31. h3 g5 32. Bf3 Qf5 33. Qc3 Qf6 34. Kh1 Re7 35. Bd5 Rd7 36.
Bb3 Re7 37. Qg3 Ng6 38. Rc1 h5 39. Qc3 Ne5 40. Bd5 Qxf2 41. Bf3 h4 42. Re1 Qg3 43. Rf1 f6 44. Qc1 Nxf3 45. Rxf3 Re1+ 46. Rf1 Rxc1 47. Rxc1 g4 48. Rc7+ Kg6 49. hxg4 0-1

[Event "*** Qualifier 4: Titled Tuesday 3|2 Blitz"]
[Site "Chess.com"]
[Date "2017.04.25"]
[Round "5"]
[White "jcibarra"]
[Black "sergiochess83"]
[Result "1-0"]
[WhiteElo "2695"]
[BlackElo "2713"]
[TimeControl "180+2"]
[EndTime "14:04:35 PDT"]
[Termination "jcibarra won by resignation"]

1. e4 e5 2. Nf3 Nc6 3. Bb5 a6 4.
Bxc6 dxc6 5. O-O Bg4 6. h3 h5 7. d3 Qf6 8. Nbd2 g5 9. Nc4 Bxf3 10. Qxf3 Qxf3 11. gxf3 f6 12. h4 gxh4 13. f4 exf4 14. Bxf4 O-O-O 15. Kh2 Bc5 16. Be3 Bd6+ 17. Nxd6+ cxd6 18. Rg1 Ne7 19. Rg7 Rd7 20. Rag1 Rf8 21. Rh7 Kd8 22.
Rgg7 Ke8 23. Kh3 Rg8 24. Rxg8+ Nxg8 25. Rxh5 Rg7 26. Rxh4 Ne7 27. Rg4 Rh7+ 28. Kg2 Kf7 29. Rg3 d5 30. Rh3 Rg7+ 31. Kf3 Ke6 32. Rh8 Ng6 33.
Rb8 Ne5+ 34. Ke2 dxe4 35. dxe4 Nc4 36. Bd4 Rd7 37. Bc3 Nd6 38. Ke3 Rh7 39. Rf8 f5 40.
Rf6+ Ke7 41. e5 Rh3+ 42. f3 Ne4 43. Rxf5 Nxc3 44. bxc3 Ke6 45. Rg5 Rh2 46. f4 Rxc2 47. Kd4 Rf2 48. Rg6+ Kf7 49. Rf6+ Ke7 50. a4 a5 51. Ke4 Ra2 52. Rh6 Rxa4+ 53. Kf5 b5 54. Rxc6 Rc4 55. Ra6 a4 56. Ra7+ Kd8 57. e6 Rxc3 58. Kf6 Re3 59. e7+ Ke8 60. Ra8+ Kd7 61.
Rd8+ Kc6 62. e8=Q+ Rxe8 63. Rxe8 a3 64. Ra8 b4 65.
Ke5 Kc5 66. f5 1-0

[Event "*** Qualifier 4: Titled Tuesday 3|2 Blitz"]
[Site "Chess.com"]
[Date "2017.04.25"]
[Round "5"]
[White "Wolverine_master"]
[Black "ABDELAZEEZ-M"]
[Result "0-1"]
[WhiteElo "1970"]
[BlackElo "2160"]
[TimeControl "180+2"]
[EndTime "14:04:38 PDT"]
[Termination "ABDELAZEEZ-M won by resignation"]

1. Nf3 Nf6 2. g3 g6 3. Bg2 Bg7 4.
c4 c5 5. O-O O-O 6. Nc3 Nc6 7. d3 d5 8. cxd5 Nxd5 9. Nxd5 Qxd5 10.
Be3 Qh5 11. Rc1 b6 12. Ne5 Bxe5 13. Bxc6 Rb8 14. Bf3 Bg4 15. Bxg4 Qxg4 16. Rc4 Qe6 17. b3 Rbd8 18. Bh6 Rfe8 19. Re1 f5 20. Qc1 Bd4 21. Be3 Bf6 22. Bg5 Bxg5 23. Qxg5 Rxd3 24. exd3 Qxe1+ 25. Kg2 Qe2 26. h4 Qxd3 27. h5 Qd5+ 28. Kg1 Qf7 29. Rh4 Qf6 30. Qh6 g5 31. Qxf6 exf6 32. Ra4 Re7 33.
Kg2 Kf7 34. f4 h6 35. Rc4 Ke6 36. Kf3 Kd5 37. Rc2 Re4 38. Rd2+ Rd4 39. Re2 Re4 40.
Rd2+ Kc6 41. Rd8 g4+ 42. Kf2 c4 43. bxc4 Rxc4 44. Rh8 Rc2+ 45. Ke3 Rxa2 46. Rxh6 Kd5 47. Rxf6 Ra3+ 48. Kf2 Rf3+ 49. Kg2 Ke4 50. h6 Rc3 51. Re6+ Kd4 52. Rd6+ Ke3 53. Re6+ Kd4 54. Rd6+ Ke4 55. Re6+ Kd3 56. Rd6+ Kc2 57. Rf6 b5 58. h7 Rc8 59.
Rxf5 b4 60. Rg5 Rh8 61. Rxg4 b3 62. f5 b2 63. Rc4+ Kb3 64. Rc7 b1=Q 65. Rb7+ Kc2 66. Rxb1 Kxb1 67. g4 Rxh7 68. g5 a5 69. g6 Rh5 70.
Kg3 Rxf5 71. Kg4 Rf1 0-1

[Event "*** Qualifier 4: Titled Tuesday 3|2 Blitz"]
[Site "Chess.com"]
[Date "2017.04.25"]
[Round "5"]
[White "GamayevOleg"]
[Black "dolynachess"]
[Result "1/2-1/2"]
[WhiteElo "2342"]
[BlackElo "2352"]
[TimeControl "180+2"]
[EndTime "14:04:42 PDT"]
[Termination "Game drawn - insufficient material"]

1. g3 Nf6 2. Bg2 g6 3. c3 Bg7 4.
d4 O-O 5. Nf3 d6 6. O-O Nbd7 7.
Qc2 e5 8. dxe5 dxe5 9. a4 c6 10.
Na3 Qc7 11. Rd1 Nb6 12. Nd2 Bf5 13. Ne4 Nxe4 14. Bxe4 Bxe4 15. Qxe4 f5 16. Qc2 h6 17.
Be3 Rad8 18. Bxb6 Qxb6 19. Nc4 Qc5 20. Qb3 Kh7 21. Nd2 e4 22. Nf1 b6 23. Rxd8 Rxd8 24. Rd1 Rxd1 25. Qxd1 Qd5 26. Qxd5 cxd5 27. e3 Kg8 28. Nd2 Kf7 29. Kf1 Ke6 30. h4 g5 31.
hxg5 hxg5 32. Ke2 Kd6 33. Nb3 Be5 34. Kd2 a6 35. Ke2 Kc6 36. Kd2 b5 37. axb5+ Kxb5 38. Kc2 a5 39. Nc1 f4 40. gxf4 gxf4 41. exf4 Bxf4 42. Ne2 Be5 43. b3 Kc5 44. Kd2 Bf6 45. Ng1 d4 46. cxd4+ Bxd4 47. Nh3 Kb4 48. Kc2 Ka3 49.
Ng5 Bxf2 50. Nxe4 a4 51. bxa4 Kxa4 52. Nxf2 1/2-1/2

[Event "*** Qualifier 4: Titled Tuesday 3|2 Blitz"]
[Site "Chess.com"]
[Date "2017.04.25"]
[Round "5"]
[White "Cayse"]
[Black "Sebastian"]
[Result "1-0"]
[WhiteElo "2651"]
[BlackElo "2733"]
[TimeControl "180+2"]
[EndTime "14:04:44 PDT"]
[Termination "Cayse won on time"]

1. e4 c5 2. Nf3 d6 3. d4 cxd4 4.
Nxd4 Nf6 5. Nc3 a6 6. Be2 e5 7. Nb3 Be7 8. Bg5 Be6 9. Bxf6 Bxf6 10. Qd3 O-O 11. O-O-O Be7 12. g3 b5 13. f4 Nd7 14.
Kb1 Rc8 15. Rhe1 Nb6 16. f5 Bd7 17. Nd5 Nxd5 18. exd5 a5 19. Nd2 b4 20. Rf1 a4 21.
Ne4 b3 22. cxb3 axb3 23. Qxb3 Rb8 24. Qe3 Ra8 25. Bc4 Qc8 26. Rc1 Bxf5 27. Bd3 Qd7 28.
Rc6 Bxe4 29. Qxe4 g6 30. g4 Bg5 31. a4 Rfb8 32. Bb5 Qa7 33. Qc4 Bf4 34. Rxd6 Qe3 35. Rc6 Rd8 36. d6 Qd2 37. Rc7 Rf8 38. d7 Rad8 39. Rc8 Qd6 40. a5 Kg7 41. a6 Qb6 42.
h4 h6 43. Qc6 Qd4 44. Qc2 Qb6 45. Qc4 Be3 46. h5 g5 47. Rxd8 Qxd8 48. Qd5 Bd4 49. Bc4 f6 50. Qb7 Kh8 51. a7 Qa5 52.
Qc8 Kg7 53. Qe8 Bc5 54. Qg6+ 1-0

[Event "*** Qualifier 4: Titled Tuesday 3|2 Blitz"]
[Site "Chess.com"]
[Date "2017.04.25"]
[Round "5"]
[White "prochn"]
[Black "brauliocuarta"]
[Result "0-1"]
[WhiteElo "2179"]
[BlackElo "2053"]
[TimeControl "180+2"]
[EndTime "14:04:55 PDT"]
[Termination "brauliocuarta won on time"]

1. d4 Nf6 2. c4 c5 3. d5 b5 4. cxb5 a6 5. bxa6 g6 6. Nc3 Bxa6 7. g3 Bg7 8. Bg2 d6 9. Nf3 O-O 10. O-O Nbd7 11. Re1 Ra7 12. e4 Ng4 13. Qc2 Nge5 14. b3 Qa5 15. Bd2 Nd3 16. Red1 Rc8 17. Na4 Nb4 18. Qc1 Bxa1 19. Qxa1 Be2 20. Re1 Bxf3 21. Bxf3 Qd8 22. Rc1 Ne5 23. Be2 Nbd3 24. Rd1 c4 25. Bh6 f6 26. f4 Nf7 27. Qd4 Rac7 28.
Nb6 Rb8 29. Nxc4 Nc5 30. Bg5 fxg5 31. fxg5 Nxg5 32. h4 Ngxe4 33. Bg4 e5 34. dxe6 Qf6 35. Qe3 d5 36. Rxd5 Rf8 37. Rd1 Re7 38. b4 Nxe6 39.
Qxe4 Qf2+ 40. Kh1 Qxg3 41. Qg2 Qxh4+ 42. Qh3 Qxh3+ 43. Bxh3 Nf4 44. Bg2 Nxg2 45. Kxg2 Re4 46. Nd6 Rxb4 47. Rd2 Ra8 48. Kf3 Rba4 49. Ne4 Rxa2 50.
Rd7 R8a3+ 51. Kf4 Ra4 52. Ke5 Re2 53. Kf6 Ra6+ 54. Nd6 Rf2+ 55. Kg5 Rd2 56. Rd8+ Kg7 57. Rd7+ Kf8 0-1

[Event "*** Qualifier 4: Titled Tuesday 3|2 Blitz"]
[Site "Chess.com"]
[Date "2017.04.25"]
[Round "5"]
[White "djogrodek1"]
[Black "DiogenesSinopeus"]
[Result "0-1"]
[WhiteElo "2368"]
[BlackElo "2259"]
[TimeControl "180+2"]
[EndTime "14:04:59 PDT"]
[Termination "DiogenesSinopeus won by resignation"]

1. e4 e5 2. Nf3 Nc6 3. Bc4 Bc5 4.
O-O Nf6 5. d3 a6 6. c3 Ba7 7.
Bb3 d6 8. Nbd2 O-O 9. h3 Be6 10. Re1 Bxb3 11. axb3 d5 12. Qe2 Re8 13. b4 Qd7 14. Nf1 Rad8 15. Bg5 dxe4 16. dxe4 Qd3 17. Bxf6 gxf6 18. Ng3 Ne7 19. Qxd3 Rxd3 20. b5 Rd6 21. bxa6 bxa6 22. Nh4 Rd2 23. Rf1 Ra8 24. Nh5 Rd6 25.
Rfd1 Rad8 26. Rxd6 Rxd6 27. Nf3 Kf8 28. Kf1 Rb6 29.
Ra2 Nc8 30. Ke2 Ke7 31. Ng3 Nd6 32. Kd3 Ke6 33. Nh4 c5 34. Nhf5 c4+ 35. Ke2 Nxe4 36.
Ng7+ Kd5 37. N3f5 Nc5 38. Ne3+ Kc6 39. Nxc4 Rb8 40. b4 Ne4 41. Rxa6+ Kb5 42. Rxa7 Kxc4 43. Rc7+ Kb3 44. Rxf7 Nxc3+ 45. Kf3 e4+ 46. Kf4 Rxb4 47.
Rxf6 Nd5+ 48. Ke5 Nxf6 49. Kxf6 Kc2 50. Ke5 Kd2 51. Ne6 Ke2 52. Ng5 Kxf2 53. Nxe4+ Kxg2 54. Ng5 h6 55. Nf7 h5 56. Ng5 Rb5+ 57. Kf4 Rb4+ 58. Kf5 h4 59. Kg6 Rb5 60. Kf6 Rxg5 61. Kxg5 Kxh3 62.
Kf4 Kg2 63. Kg4 h3 0-1

[Event "*** Qualifier 4: Titled Tuesday 3|2 Blitz"]
[Site "Chess.com"]
[Date "2017.04.25"]
[Round "5"]
[White "Grootneus"]
[Black "Ingemars_Jesse"]
[Result "1-0"]
[WhiteElo "2112"]
[BlackElo "2420"]
[TimeControl "180+2"]
[EndTime "14:05:15 PDT"]
[Termination "Grootneus won by resignation"]

1. e4 g6 2. d4 Nf6 3. e5 Nh5 4. Be2 d6 5. Bxh5 gxh5 6. Qxh5 dxe5 7. dxe5 Qd5 8. Nf3 Qe4+ 9. Be3 Qxc2 10. O-O Qg6 11. Qxg6 hxg6 12. Nc3 Na6 13. Nd4 c6 14. f4 f6 15. exf6 exf6 16. f5 g5 17. Rae1 Kf7 18. Ne4 Nb4 19. Ne6 Be7 20. Bd4 Nc2 21. N6xg5+ Kf8 22. Bc3 Nxe1 23. Rxe1 Bxf5 24. Nxf6 Rh6 25. Nfe4 Bxe4 26.
Nxe4 Re6 27. Rf1+ Ke8 28. Ng3 Rd8 29. Nf5 Re2 30. h4 Bc5+ 31. Kh1 Kd7 32. Rd1+ Kc7 33.
Rxd8 Kxd8 34. h5 Rf2 35. g4 Bf8 36. h6 Bxh6 37. Nxh6 Ke7 38. Kg1 Rc2 39. Nf5+ Kf7 40. Nd4 Rc1+ 41. Kg2 c5 42. Ne2 Rc2 43. Kf3 b5 44. Be5 b4 45. Nf4 c4 46. Ke4 c3 47.
bxc3 bxc3 48. Kd3 Rxa2 49. Bxc3 a5 50. Ke4 a4 51. Kf5 Rf2 52. g5 a3 53. g6+ Kg8 54. Be5 a2 55. Kg5 Rc2 56. Nh5 Rc5 57. Nf6+ Kf8 58. Nd7+ Ke7 59. Nxc5 1-0

[Event "*** Qualifier 4: Titled Tuesday 3|2 Blitz"]
[Site "Chess.com"]
[Date "2017.04.25"]
[Round "5"]
[White "Sanan_Sjugirov"]
[Black "Aygehovit1992"]
[Result "0-1"]
[WhiteElo "2630"]
[BlackElo "2487"]
[TimeControl "180+2"]
[EndTime "14:05:27 PDT"]
[Termination "Aygehovit1992 won on time"]

1. e4 d6 2. d4 g6 3. Nc3 Bg7 4.
Nf3 Nf6 5. Be2 O-O 6. O-O Nc6 7. d5 Nb8 8. h3 e5 9. dxe6 Bxe6 10. Nd4 Re8 11.
Nxe6 Rxe6 12. Bc4 Re8 13. Re1 Nc6 14. Bg5 h6 15. Bh4 g5 16. Bg3 Ne5 17. Bb3 Ng6 18. Qf3 a5 19. Rad1 Qe7 20. Qf5 Nh4 21. Bxh4 gxh4 22. f4 Qd7 23. Qxd7 Nxd7 24. Nb5 a4 25.
Bc4 Nb6 26. Bd3 Re7 27. c3 a3 28. b3 c6 29. Nxd6 Bxc3 30. Rf1 Bb4 31. Nf5 Rd7 32. Nxh6+ Kf8 33. Be2 Rad8 34. Rxd7 Rxd7 35. Rd1 Rxd1+ 36. Bxd1 Bd2 37. Nf5 Bxf4 38. Nxh4 Nc8 39. Be2 Nd6 40. Bd3 b5 41. Nf3 Ke7 42. Kf2 Ke6 43. g3 Bc1 44. h4 f6 45. Ke2 c5 46. Bc2 c4 47. bxc4 bxc4 48. Nd4+ Ke5 49. Nc6+ Ke6 50. h5 Nb5 51. Kf3 Nc3 52. Na5 Nxa2 53. Nxc4 Nb4 54. Nxa3 Bxa3 55. Bb3+ Ke7 56. h6 Kf8 57. Kf4 Nc6 58. Bd5 Ne7 59.
h7 Bd6+ 60. Kg4 Kg7 61. Bg8 Be5 0-1